 Dungeon Crawl Stone Soup version 0.31-a0-188-g5e087ee2ca (webtiles) character file.

Game seed: 11792237619307925352

180 qw the Skirmisher (level 5, -2/27 (29) HPs)
             Began as a Deep Elf Hunter on June 23, 2023.
             Slain by a gnoll bouda
             ... wielding a +0 whip
              (4 damage)
             ... on level 3 of the Dungeon.
             The game lasted 00:01:06 (2627 turns).

qw the Skirmisher (Deep Elf Hunter)                 Turns: 2627, Time: 00:01:07

HP:   -2/27 (29)    AC: 12    Str: 10    XL:     5   Next: 33%
MP:   7/7           EV: 11    Int: 16    God:
Gold: 117           SH:  0    Dex: 18    Spells: 4/4 levels left

rFire   . . .        Y - +0 shortbow
rCold   + . .        (shield currently unavailable)
rNeg    . . .        i - +0 ring mail
rPois   .            d - +2 helmet
rElec   .            (no cloak)
rCorr   .            h - +2 pair of gloves {infuse}
SInv    +            b - +0 pair of boots
Will    .....        e - amulet "Celostru" {Acrobat rC+ Int+2 SInv}
Stlth   +            (no ring)
HPRegen 0.24/turn    (no ring)
MPRegen 0.10/turn

%: acrobat, infuse magic (1 MP)
@: drained
A: no striking features
a: no special abilities


You were on level 3 of the Dungeon.
You visited 1 branch of the dungeon, and saw 4 of its levels.

You collected 117 gold pieces.


   Skills:
 - Level 1.5 Fighting
 + Level 8.6 Ranged Weapons
 - Level 1.0 Armour
 - Level 2.4 Dodging
 - Level 1.2 Stealth


You had 4 spell levels left.
You didn't know any spells.
Your spell library was empty.

Inventory:

Hand Weapons
 Y - a +0 shortbow (weapon)
Armour
 b - a +0 pair of boots (worn)
 d - a +2 helmet (worn)
 h - a +2 pair of gloves of infusion (worn)
 i - a +0 ring mail (worn)
Jewellery
 e - the amulet "Celostru" (around neck) {Acrobat rC+ Int+2 SInv}
   (You found it on level 2 of the Dungeon)

   [amulet of the acrobat]

   It increases your evasion while moving and waiting.
   Int:       It affects your intelligence (+2).
   rC:        It protects you from cold.
   SInv:      It lets you see invisible.
Scrolls
 a - a scroll of identify
Potions
 g - 3 potions of curing
 k - a potion of resistance {unknown}

Dungeon Overview and Level Annotations

Branches:
Dungeon (4/15)
 Temple: D:4-7

Altars:
Ashenzari
Sif Muna

Shops:
D:1 (


Message History

You shoot an arrow. The arrow closely misses the gnoll.
The arrow barely misses the gnoll.
The gnoll hits you but does no damage.
You shoot an arrow. The arrow barely misses the gnoll.
The gnoll hits you from afar with a +0 spear.
You shoot an arrow.
The arrow barely misses the gnoll bouda.
The gnoll hits you but does no damage.
The gnoll hits you from afar with a +0 spear.
The gnoll bouda gazes fiercely through you!
You feel your attacks grow feeble. The gnoll barely misses you.
2620 ||| STAIRDANCE The gnoll hits you from afar with a +0 spear.
The gnoll bouda hits you but does no damage.
The gnoll completely misses you.
You climb upwards.
There is a stone staircase leading down, spattered with blood here.
You shoot an arrow.
The arrow barely misses the gnoll bouda.
The gnoll bouda hits you with a +0 whip.
You shoot an arrow.
The arrow barely misses the gnoll bouda.
The gnoll bouda hits you with a +0 whip.
The gnoll bouda hits you but does no damage.
You shoot an arrow.
The arrow barely misses the gnoll bouda.
The gnoll bouda hits you with a +0 whip.
You shoot an arrow. The arrow hits the gnoll bouda.
The gnoll bouda is lightly wounded.
Your attacks no longer feel as feeble.
The gnoll bouda hits you with a +0 whip.
You shoot an arrow. The arrow hits the gnoll bouda.
The gnoll bouda is moderately wounded.
The gnoll bouda hits you with a +0 whip.
You shoot an arrow.
The arrow hits the gnoll bouda but does no damage.
The gnoll bouda is moderately wounded.
The gnoll bouda hits you with a +0 whip.
You die...

#.# #.# 7777777#.#
##777.P..P7..###
##......77..%...# ####
#####..7.....777#.### #...
#......77777777.....#######...
#........#..g)###.####........
####..........##@%.........###...
####..7.7...##.#7.7.7.7.7.7......
####.77.77...#...................
###7777..7...#..7#7#7#7#7#7#.....
##77.P7.P7...........# #......
##77¤¤¤.P7.....###.### ##.##..#
##77¤¤.777.###.###.#######...##..
##7P¤PP77#######.....##....#.####
##7P¤7P7......##<##..............


You could see a gnoll bouda.

Vanquished Creatures
  A hound (D:3)
  2 gnolls (D:3)
  2 adders (D:3)
  5 worms
  3 dart slugs
  4 orcs (D:3)
  8 bats
  4 endoplasms
  3 giant cockroaches
  8 goblins
  8 hobgoblins
  10 jackals
  5 kobolds
  2 quokkas
  8 ball pythons
  3 frilled lizards
  7 rats
83 creatures vanquished.

Notes
Turn   | Place    | Note
-------+----------+-------------------------------------------
     0 | D:1      | qw the Deep Elf Hunter began the quest for the Orb.
     0 | D:1      | Reached XP level 1. HP: 12/12 MP: 3/3
     0 | D:1      | 0 ||| qw: Version: 0.3-a-9-g12657ce
     0 | D:1      | 0 ||| qw: Game counter: 3421
     0 | D:1      | 0 ||| qw: Always use a shield: true
     0 | D:1      | 0 ||| qw: God list: Okawaru
     0 | D:1      | 0 ||| qw: Allow faded altars: false
     0 | D:1      | 0 ||| qw: Do Orc after D:15 true
     0 | D:1      | 0 ||| qw: Do second Lair branch before Depths: true
     0 | D:1      | 0 ||| qw: Lair rune preference: random
     0 | D:1      | 0 ||| qw: Plans: Normal
     0 | D:1      | 0 ||| PLANNING D:1-11
   117 | D:1      | Reached skill level 6 in Ranged Weapons
   117 | D:1      | Reached XP level 2. HP: 16/16 MP: 4/4
   168 | D:1      | Found Omurelolu's Weapon Emporium.
   771 | D:1      | 771 ||| SHOPLISTING +6 triple crossbow "Ecvonat" {heavy,
                  | SInv} (592 gold, have 22).
   771 | D:1      | 771 ||| UPGRADING to +0 scale mail.
   781 | D:1      | 781 ||| DROPPING +0 leather armour.
   782 | D:1      | 782 ||| UPGRADING to +0 ring mail.
   792 | D:1      | 792 ||| DROPPING +0 scale mail.
   793 | D:1      | 793 ||| READING 3 scrolls labelled CAPO TAUSUAPUM.
   794 | D:1      | 794 ||| READING scroll labelled TYRUODUSTR DENEOM.
   795 | D:1      | 795 ||| READING scroll labelled UXED FUNAZ.
   796 | D:1      | 796 ||| READING 2 scrolls of identify.
   796 | D:1      | 796 ||| IDENTIFYING lumpy white potion
   797 | D:1      | 797 ||| DROPPING scroll of butterflies.
   857 | D:2      | Reached XP level 3. HP: 20/20 MP: 5/5
  1233 | D:2      | Reached skill level 7 in Ranged Weapons
  1267 | D:2      | Identified the staff "Oneprefy" {rN+ Dex+3 Necro}
  1541 | D:2      | Identified the amulet "Celostru" {Acrobat rC+ Int+2 SInv}
  1650 | D:2      | 1650 ||| UPGRADING to +0 pair of boots.
  1655 | D:2      | 1655 ||| UPGRADING to +2 helmet.
  1660 | D:2      | 1660 ||| UPGRADING to amulet "Celostru" {Acrobat rC+ Int+2
                  | SInv}.
  1665 | D:2      | 1665 ||| READING scroll labelled WOL LEAFOH.
  1724 | D:3      | Reached XP level 4. HP: 22/25 MP: 6/6
  1755 | D:3      | Reached skill level 8 in Ranged Weapons
  1756 | D:3      | 1756 ||| FLEEEEING.
  1757 | D:3      | 1757 ||| FLEEEEING.
  1758 | D:3      | 1758 ||| FLEEEEING.
  1833 | D:3      | Found a shimmering blue altar of Sif Muna.
  1833 | D:3      | Found a broken altar of Ashenzari.
  2056 | D:3      | Reached XP level 5. HP: 29/29 MP: 7/7
  2336 | D:3      | 2336 ||| UPGRADING to +2 pair of gloves of infusion.
  2341 | D:3      | 2341 ||| READING scroll labelled JUAPAU MENES.
  2342 | D:3      | 2342 ||| READING scroll labelled XEUMAE KEKEL.
  2343 | D:3      | 2343 ||| READING 2 scrolls of identify.
  2343 | D:3      | 2343 ||| IDENTIFYING inky potion
  2344 | D:3      | 2344 ||| DROPPING potion of invisibility.
  2363 | D:4      | 2363 ||| STAIRDANCE
  2413 | D:4      | 2413 ||| STAIRDANCE
  2489 | D:4      | 2489 ||| STAIRDANCE
  2492 | D:3      | Reached skill level 1 in Armour
  2513 | D:4      | 2513 ||| STAIRDANCE
  2620 | D:4      | 2620 ||| STAIRDANCE
  2625 | D:3      | HP: 5/27 [gnoll bouda/+0 whip (5)]
  2626 | D:3      | HP: 1/27 [gnoll bouda/+0 whip (4)]
  2627 | D:3      | Slain by a gnoll bouda

Levels and vault maps discovered:
D:1:      pf_arrival_petrified_forest, layout_basic, serial_shops,
          nicolae_shop_tiny_glass
D:2:      layout_loops_corners
D:3:      corexii_shack_village, layout_basic, gammafunk_temple_overflow_pools,
          serial_forest, infiniplex_forest_zigzag_1,
          infiniplex_forest_lined_4_way, infiniplex_forest_side_room,
          infiniplex_forest_clump_small, infiniplex_forest_end_3,
          infiniplex_forest_lined_3, infiniplex_forest_end_3,
          minmay_misc_feat_cross
D:4:      layout_cave_pools, gammafunk_ghost_split, serial_shops, shop,
          nicolae_underground_beach

Skill      XL: |  1  2  3  4  5 |
---------------+----------------+-----
Ranged Weapons | 6 7 8 |  8.6
Armour         | 1 |  1.0
Fighting       | |  1.5
Dodging        | |  2.4
Stealth        | |  1.2

Action                     |  1- 3 |  4- 6 || total
---------------------------+-------+-------++-------
   Fire: Shortbow          |   143 |   121 ||   264
    Use: Scroll            |     5 |     3 ||     8
 Armour: Ring mail         |    18 |    40 ||    58
  Dodge: Dodged            |    46 |    33 ||    79

Table legend:
 A = Non-vault XP
 B = Vault XP
 C = Vault XP percentage of total XP
 D = Non-vault monster count
 E = Vault monster count
 F = Vault count percentage of total count
                 A         B        C        D         E       F
            +---------+---------+-------+---------+---------+-------
      Total |     231 |      27 |  10.5 |      71 |      12 |  14.5
            +---------+---------+-------+---------+---------+-------
        D:1 |      39 |       0 |   0.0 |      21 |       0 |   0.0
        D:2 |      49 |       0 |   0.0 |      25 |       0 |   0.0
        D:3 |     143 |      27 |  15.9 |      25 |      12 |  32.4
            +---------+---------+-------+---------+---------+-------
